 Dungeon Crawl Stone Soup version 0.18-a0-946-g3ac5b32 (webtiles) character file.

554 JokEr the Skirmisher (level 7, -2/64 HPs)
             Began as a Mottled Draconian Fighter on Dec 29, 2015.
             Was an Initiate of the Shining One.
             Shot with an arrow of frost by a centaur (10 damage)
             ... on level 5 of the Dungeon.
             The game lasted 00:08:47 (4384 turns).

JokEr the Skirmisher (Mottled Draconian Fighter)    Turns: 4384, Time: 00:08:47

Health: -2/64      AC:  7    Str: 25    XL:     7   Next: 8%
Magic:  0/7        EV: 10    Int:  9    God:    the Shining One [......]
Gold:   327        SH:  9    Dex: 10    Spells: 0 memorised, 6 levels left

rFire  + . .     SeeInvis .     a - +0 long sword
rCold  . . .     Gourm    .     (armour unavailable)
rNeg   . . .     Faith    .     b - +0 shield
rPois  .         Spirit   +     (helmet restricted)
rElec  .         Dismiss  .     (no cloak)
rCorr  .         Reflect  .     (no gloves)
SustAt .         Harm     .     e - +0 pair of boots
MR     +....                    y - amulet of guardian spirit
Stlth  +.........               l - ring of protection from fire
                                m - ring of protection from magic

@: mighty, short of breath, slowed, very slow, somewhat resistant to hostile
enchantments, very unstealthy
A: breathe sticky flame splash, unfitting armour, cold-blooded, AC +6
a: Breathe Sticky Flame, Renounce Religion


You were on level 5 of the Dungeon.
You worshipped the Shining One.
The Shining One was noncommittal.
You were not hungry.

You visited 1 branch of the dungeon, and saw 5 of its levels.

You collected 327 gold pieces.

Inventory:

Hand Weapons
 a - a +0 long sword (weapon)
Armour
 b - a +0 shield (worn)
 e - a +0 pair of boots (worn)
Jewellery
 j - an uncursed ring of fire
 l - a ring of protection from fire (right hand)
 m - a ring of protection from magic (left hand)
 y - an amulet of guardian spirit (around neck)
Wands
 x - a wand of slowing (12/48)
 F - a wand of paralysis (21/24)
Scrolls
 p - a scroll of fog
 q - a scroll of immolation
 s - 2 scrolls of teleportation
 t - 2 scrolls of amnesia
 z - a scroll of remove curse
Potions
 c - a potion of might
 d - a potion of mutation {unknown}
 f - a potion of cure mutation {unknown}
 g - 3 potions of degeneration
 i - 2 potions of heal wounds {unknown}
 n - 2 potions of brilliance {unknown}
 o - a potion of curing
 r - a potion of poison {unknown}
 v - 3 potions of haste
 w - a potion of invisibility {unknown}
 A - a potion of cancellation {unknown}
 B - a potion of magic {unknown}
Comestibles
 h - 3 meat rations
 k - a beef jerky
 u - a bread ration
 C - 4 fruits
 H - 3 chunks of flesh


   Skills:
 + Level 6.6 Fighting
 + Level 5.7 Long Blades
 - Level 2.6 Dodging
 - Level 3.0 Shields


You had 6 spell levels left.
You didn't know any spells.

Dungeon Overview and Level Annotations

Branches:
Dungeon (5/15)             Temple (0/1) D:4

Altars:
Ashenzari
Cheibriados
Dithmenos
Elyvilon
Fedhas
Kikubaaqudgha
Nemelex Xobeh
Qazlal
Ru
The Shining One

Shops:
D:4 (

Annotations:
D:5 Edmund


Innate Abilities, Weirdness & Mutations

You can spit globs of burning liquid.
You can ignite nearby creatures when you spit burning liquid.
Your weird mottled scales are hard (AC +6).
Your body does not fit into most forms of armour.
You are cold-blooded and may be slowed by cold attacks.


Message History

The quokka zombie bites you but does no damage.
The orc barely misses you.
Drink which item? (? for menu, Esc to quit)
You feel better.
Edmund burns!
Edmund burns!
The orc burns!
The orc burns!
You kill the orc!
The centaur shoots an arrow of frost.
The arrow of frost hits you!
* * * LOW HITPOINT WARNING * * *
You feel as though you will be slow longer.
The arrow of frost freezes you!
* * * LOW HITPOINT WARNING * * *
You block Edmund's attack. The quokka zombie bites you.
* * * LOW HITPOINT WARNING * * *
The centaur shoots an arrow of frost.
The arrow of frost misses you.
The hound zombie bites you but does no damage.
The quokka zombie closely misses you.
You closely miss Edmund.
Your tail-slap misses Edmund.
Edmund is severely wounded.
Edmund burns!
The centaur shoots an arrow of frost.
The arrow of frost hits you!
You die...

##.....#...
##..........
#...........
#....>......
#...c.......
#.....<.....
#..<.......?
#....Z......
##..@Z......
##.(@......
####......
.##.#. ## ..
#


You could see Edmund (burning), a centaur, a quokka zombie and a hound zombie.

Vanquished Creatures
  Eustachio (D:4)
  Menkaure (D:4)
  An ogre (D:3)
  An iguana (D:4)
  A worker ant (D:4)
  A gnoll (D:4)
  3 adders
  A white imp (D:4)
  3 worms
  3 giant geckos
  11 orcs
  8 bats
  6 giant cockroaches
  11 goblins
  15 hobgoblins
  9 kobolds
  3 quokkas
  2 giant newts (D:1)
  2 goblin skeletons (D:4)
  A goblin zombie (D:4)
  2 hobgoblin zombies (D:4)
  3 jackals (D:4)
  A kobold skeleton (D:4)
  5 rats
95 creatures vanquished.

Notes
Turn   | Place    | Note
--------------------------------------------------------------
     0 | D:1      | JokEr the Draconian Fighter began the quest for the Orb.
     0 | D:1      | Reached XP level 1. HP: 19/19 MP: 1/1
   315 | D:1      | Reached XP level 2. HP: 26/26 MP: 2/2
  1134 | D:2      | Reached XP level 3. HP: 15/33 MP: 3/3
  1478 | D:2      | Reached skill level 4 in Fighting
  2248 | D:2      | Found a blossoming altar of Fedhas.
  2249 | D:2      | Found an ancient bone altar of Kikubaaqudgha.
  2522 | D:3      | Found a faded altar to an unknown god.
  2581 | D:3      | Reached XP level 4. HP: 41/41 MP: 4/4
  2611 | D:3      | Found a stormy altar of Qazlal.
  2611 | D:3      | Found a sparkling altar of Nemelex Xobeh.
  2611 | D:3      | Found a shattered altar of Ashenzari.
  2750 | D:3      | Found a white marble altar of Elyvilon.
  3229 | D:4      | Found a shadowy altar of Dithmenos.
  3229 | D:4      | Noticed an ogre
  3241 | D:3      | Killed an ogre
  3241 | D:3      | Reached skill level 5 in Fighting
  3241 | D:3      | Reached XP level 5. HP: 44/48 MP: 5/5
  3522 | D:4      | Noticed Menkaure
  3533 | D:4      | Killed Menkaure
  3533 | D:4      | Reached skill level 5 in Long Blades
  3533 | D:4      | Reached XP level 6. HP: 20/57 MP: 6/6
  3743 | D:4      | Noticed Eustachio
  3756 | D:4      | Killed Eustachio
  3756 | D:4      | Reached skill level 6 in Fighting
  3756 | D:4      | Your scales start taking on a weird mottled colour.
  3756 | D:4      | Reached XP level 7. HP: 62/64 MP: 7/7
  3790 | D:4      | Found a glowing golden altar of the Shining One.
  3802 | D:4      | Found a glowing golden altar of the Shining One.
  3927 | D:4      | Became a worshipper of the Shining One
  3992 | D:4      | Found Irarem's Weapon Shoppe.
  4031 | D:4      | Found a sacrificial altar of Ru.
  4055 | D:4      | Found a staircase to the Ecumenical Temple.
  4159 | D:4      | Found a snail-covered altar of Cheibriados.
  4376 | D:5      | Entered Level 5 of the Dungeon
  4376 | D:5      | Noticed Edmund
  4384 | D:5      | Shot with an arrow of frost by a centaur

Vault maps used:
D:1:      nicolae_arrival_memento_mori, serial_co_window_serial,
          co_window_of_opportunity_a, co_window_corner_a, co_window_paths_a,
          co_window_paths_a, co_window_of_opportunity_a, co_window_cross_1,
          co_window_2corner, co_window_corner_ca, co_window_unsneaky_path_c,
          glass_columns_b, glass_columns_a, glass_columns_a, glass_columns_b,
          glass_columns_b
D:2:      grunt_temple_overflow_growth_and_decay, minmay_bad_closet
D:3:      corexii_shack_village, elyvilon_altar_1,
          gammafunk_temple_overflow_claw, ecumenical_altar_1
D:4:      cheibriados_altar_wand_db, grunt_dithmenos_smoke_and_mirrors,
          kennysheep_mini_moat, lemuel_crystal_altar, temple_pool_a,
          serial_shops, kennysheep_little_box, nicolae_tso_besieged_by_evil,
          uniq_menkaure, uniq_eustachio
D:5:      vehumet_altar_wand_db, first_bread, uniq_edmund

Action                   |  1- 3 |  4- 6 |  7- 9 || total
-------------------------+-------+-------+-------++-------
Melee: Long sword        |   157 |   110 |    40 ||   307
 Abil: Breathe Sticky Fl |       |       |     2 ||     2
  Use: Scroll            |     7 |       |     6 ||    13
       Potion            |       |     1 |     2 ||     3
  Eat: Chunk             |     1 |     4 |     2 ||     7
       Bread ration      |     1 |       |       ||     1
